 Dungeon Crawl Stone Soup version 0.23.1 (webtiles) character file.

Game seed: 4793165310335942902

105 nganga the Stinger (level 4, -1/36 HPs)
             Began as a Naga Venom Mage on Mar 18, 2019.
             Slain by a sky beast (5 damage)
             ... on level 2 of the Dungeon.
             The game lasted 00:14:38 (2839 turns).

nganga the Stinger (Naga Venom Mage)                Turns: 2839, Time: 00:14:38

Health: -1/36      AC:  3    Str: 11    XL:     4   Next: 81%
Magic:  2/8        EV: 10    Int: 16    God:
Gold:   64         SH:  0    Dex: 11    Spells: 3/8 levels left

rFire    . . .     SeeInvis +   h - +1 dagger (pain)
rCold    . . .     Gourm    .   (no shield)
rNeg     . . .     Faith    .   g - +1 robe
rPois    +         Spirit   .   (no helmet)
rElec    .         Reflect  .   (no cloak)
rCorr    .         Harm     .   (no gloves)
MR       .....                  (no barding)
Stlth    ++........             (no amulet)
HPRegen  0.12/turn              (no ring)
MPRegen  0.11/turn              (no ring)

@: very slightly contaminated, very slow
A: large, see invisible, deformed body, poison resistance, slowness 2, slow
metabolism 1, spit poison 1, AC +1
a: Spit Poison


You were on level 2 of the Dungeon.
You were not hungry.

You visited 1 branch of the dungeon, and saw 2 of its levels.

You collected 64 gold pieces.

Inventory:

Hand Weapons
 b - a +0 dagger
 e - a +0 club
 h - a +1 dagger of pain (weapon)
Missiles
 d - 27 stones (quivered)
 j - 16 sling bullets
 m - 14 arrows
Armour
 a - a +0 robe
 g - a +1 robe (worn)
Jewellery
 n - an uncursed ring of resist corrosion {unknown}
Scrolls
 l - a scroll of enchant weapon {unknown}
Comestibles
 c - 2 rations


   Skills:
 + Level 0.5 Short Blades
 + Level 1.9 Dodging
 + Level 3.4 Stealth
 + Level 2.8 Spellcasting
 + Level 2.2 Conjurations
 + Level 5.1 Poison Magic


You had 3 spell levels left.
You knew the following spells:

 Your Spells              Type           Power        Failure   Level  Hunger
a - Sting                 Conj/Pois      ##..         4%          1    #......
b - Olgreb's Toxic Radia  Pois           ###.....     24%         4    #####..

Your spell library contained the following spells:

 Spells                   Type           Power        Failure   Level  Hunger
 Poisonous Vapours        Pois/Air       ##....       10%         2    ##.....
 Animate Skeleton         Necr           N/A          19%         1    #......
 Apportation              Tloc           #.....       19%         1    #......
 Confusing Touch          Hex            #.....       19%         1    #......
 Summon Small Mammal      Summ           #...         19%         1    #......
 Mephitic Cloud           Conj/Pois/Air  ##......     22%         3    ###....
 Venom Bolt               Conj/Pois      ##........   75%         5    ######.


Dungeon Overview and Level Annotations

Branches:
Dungeon (2/15)

Altars:


Innate Abilities, Weirdness & Mutations

You cannot wear boots.
Your serpentine skin is tough. (AC +1)
You have supernaturally acute eyesight. (SInv)
Armour fits poorly on your strangely shaped body.
Your system is resistant to poisons. (rPois)
You cover ground very slowly.
You have a slow metabolism.
You can spit poison.


Message History

The sky beast hits you but does no damage.
You closely miss the sky beast.
The sky beast is heavily wounded.
The sky beast hits you. The sky beast shocks you.
* * * LOW HITPOINT WARNING * * *
Casting: Sting (safe; 4% risk of failure)
Confirm with . or Enter, or press ? or * to list all spells.
Aiming: Sting (safe; 4% risk of failure)
Press: ? - help, Shift-Dir - straight line, f/p - sky beast
Aim: a sky beast (heavily wounded)
The sting hits the sky beast.
The sky beast is poisoned.
The sky beast is severely wounded.
The sky beast hits you but does no damage.
As you read the scroll labeled FEISISO NAICEQE, it crumbles to dust.
It is a scroll of amnesia.
Okay, then.
The sky beast hits you.
* * * LOW HITPOINT WARNING * * *
The sky beast shocks you.
You die...

#.# ####..##... ..
#.# #.....# # # #.#
#.###.# ### #.# #.#
#.# #... #.###.###.#
# #.... #.........#
##
......######...####
.#
........###..#..##
.+
....<....Y@........
.#
.....##.###.#...####
# .... #.# #.##.## #
##. #.# #.#### # #.#
#.# ..# #.# ##+ ###
#.# #.. .# ## #.##
###.###..


You could see a sky beast.

Vanquished Creatures
  6 adders (D:2)
  3 oozes
  A leopard gecko (D:2)
  A giant cockroach (D:1)
  2 goblins
  6 hobgoblins
  4 jackals
  4 kobolds
  2 quokkas (D:2)
  4 bats (D:2)
  6 rats
39 creatures vanquished.

Notes
Turn   | Place    | Note
-------+----------+-------------------------------------------
     0 | D:1      | nganga the Naga Venom Mage began the quest for the Orb.
     0 | D:1      | Reached XP level 1. HP: 15/15 MP: 3/3
   215 | D:1      | Reached XP level 2. HP: 7/22 MP: 0/5
   978 | D:2      | Reached XP level 3. HP: 10/28 MP: 2/6
  1839 | D:2      | Reached XP level 4. HP: 30/36 MP: 1/7
  1875 | D:2      | Reached skill level 5 in Poison Magic
  2207 | D:2      | Learned a level 4 spell: Olgreb's Toxic Radiance
  2626 | D:2      | Noticed a sky beast
  2839 | D:2      | Slain by a sky beast

Skill      XL: |  1  2  3  4 |
---------------+-------------+-----
Poison Magic   | 5 |  5.1
Conjurations   | 2 |  2.2
Short Blades   | |  0.5
Dodging        | |  1.9
Stealth        | |  3.4
Spellcasting   | |  2.8

Action                   |  1- 3 |  4- 6 || total
-------------------------+-------+-------++-------
Melee: Dagger            |    31 |    42 ||    73
 Cast: Sting             |    49 |    43 ||    92
       Olgreb's Toxic Ra |       |     2 ||     2
  Use: Potion            |     4 |     1 ||     5
       Scroll            |     1 |     2 ||     3
  Eat: Chunk             |     2 |     1 ||     3
       Ration            |       |     1 ||     1
Armor: Skin              |     4 |       ||     4
       Robe              |     5 |     9 ||    14
Dodge: Dodged            |    28 |    23 ||    51
